AoeStats
← Schwachkopf

Socotra

506436149Analyzed
4v4 RM · 19d ago on Sep 13, 2026· 42m 42s· 8 players
Game mode
Random Map
Map size
148×148
Population
200
Speed
Normal
Resources
Standard
Victory
Conquest
Starting age
Dark Age
Ending age
Imperial Age
RankedLock teamsTeams togetherTeam positionsShared explorationLock speedFull tech treeHidden civsTurbo modeCheats
Victory
Defeat
🇨🇳 Poles · China
1444
+13
🇨🇳 Japanese · China
1415
+14
🇨🇳 Maya · China
1411
+14
🇨🇳 Persians · China
1346
+17
🇨🇳 Khitans · China
1494
-18
🇨🇳 Georgians · China
1479
-19
🇧🇷 Sicilians · Brazil
1428
-17
🇩🇪 Vietnamese · Germany
1054
-12
养几亿
0:26 Loom
9:14 Feudal Age
9:41 Double-Bit Axe
12:43 Fletching
18:36 Padded Archer Armor
18:24 Town Watch
24:35 Castle Age
24:18 Wheelbarrow
24:51 Crossbowman
25:27 Bodkin Arrow
26:36 Gold Mining
34:50 Imperial Age
33:30 Ballistics
35:32 Bracer
36:34 Chemistry
36:21 Arbalester
38:52 Leather Archer Armor
39:07 Thumb Ring
40:10 Conscription
Shaun
9:12 Feudal Age
8:02 Loom
10:34 Double-Bit Axe
10:44 Horse Collar
14:47 Scale Barding Armor
18:44 Wheelbarrow
20:20 Forging
22:59 Castle Age
22:01 Bloodlines
23:05 Gold Mining
23:32 Husbandry
24:28 Iron Casting
24:14 Chain Barding Armor
29:45 Gold Shaft Mining
31:18 Bow Saw
31:13 Heavy Plow
33:47 Hand Cart
36:48 Imperial Age
36:38 Cavalier
37:45 Guilds
38:16 Plate Barding Armor
38:42 Blast Furnace
37:31 Heavy Camel Rider
39:25 Two-Man Saw
38:33 Stone Mining
39:53 Conscription
42:56 Chemistry
43:03 Caravan
Yukino
6:29 Loom
8:49 Feudal Age
18:11 Horse Collar
18:59 Double-Bit Axe
24:15 Castle Age
23:54 Scale Barding Armor
25:57 Bow Saw
25:48 Heavy Plow
26:15 Bloodlines
28:58 Wheelbarrow
29:16 Husbandry
29:34 Gold Mining
30:04 Szlachta Privileges
30:57 Chain Barding Armor
30:48 Forging
31:11 Stone Mining
33:42 Iron Casting
41:06 Imperial Age
39:54 Hand Cart
41:27 Cavalier
42:09 Scale Mail Armor
43:10 Blast Furnace
hoot
5:33 Loom
16:10 Feudal Age
16:46 Double-Bit Axe
16:42 Horse Collar
16:39 Man-at-Arms
18:46 Fletching
27:22 Castle Age
26:31 Padded Archer Armor
28:02 Bodkin Arrow
28:21 Bow Saw
28:37 Gold Mining
29:43 Bloodlines
29:34 Husbandry
30:39 Leather Archer Armor
32:14 Wheelbarrow
38:15 Ballistics
43:10 Gold Shaft Mining
43:01 Thumb Ring
43:17 Heavy Plow
enricodias
4:37 Loom
11:04 Feudal Age
17:57 Scale Mail Armor
18:31 Fletching
24:31 Double-Bit Axe
26:11 Loom
30:00 Castle Age
28:16 Horse Collar
31:39 Chain Mail Armor
Schwachkopf
7:23 Loom
9:59 Feudal Age
27:43 Padded Archer Armor
34:57 Stone Mining
泼水爱好者
6:11 Loom
8:29 Feudal Age
9:08 Double-Bit Axe
9:38 Horse Collar
18:04 Wheelbarrow
17:42 Scale Barding Armor
18:41 Gold Mining
21:10 Castle Age
20:19 Forging
20:35 Bloodlines
22:16 Bow Saw
22:42 Husbandry
24:07 Chain Barding Armor
29:32 Iron Casting
32:03 Stone Mining
39:43 Imperial Age
41:02 Plate Barding Armor
king_of_tc_drop
6:49 Loom
9:18 Feudal Age
10:14 Domestication
10:21 Double-Bit Axe
15:01 Forging
16:17 Scale Barding Armor
25:49 Castle Age
25:51 Light Cavalry
27:07 Iron Casting
27:25 Chain Barding Armor
27:20 Husbandry
33:59 Town Watch
Connection lost

Rejoining the realm…

Still unreachable

The connection could not be restored.

Session expired

The server has moved on; the page needs a fresh start.